 Dungeon Crawl Stone Soup version 0.21.1-1-g345015f (webtiles) character file.

416 inc the Insei (level 6, 0/36 HPs)
             Began as an Octopode Ice Elementalist on June 13, 2018.
             Slain by an ogre
             ... wielding a +0 giant spiked club
              (12 damage)
             ... on level 4 of the Dungeon.
             The game lasted 00:07:17 (4786 turns).

inc the Insei (Octopode Ice Elementalist)           Turns: 4786, Time: 00:07:18

Health: 0/36       AC:  1    Str: 10    XL:     6   Next: 92%
Magic:  9/9        EV: 13    Int: 19    God:
Gold:   190        SH:  0    Dex: 13    Spells: 8/9 levels left

rFire    . . .     SeeInvis .     - Unarmed
rCold    . . .     Gourm    .   (no shield)
rNeg     . . .     Faith    .   (helmet restricted)
rPois    .         Spirit   .   (no amulet)
rElec    .         Reflect  .   l - ring of flight
rCorr    .         Harm     .   m - +3 ring of strength
MR       .....                  (no ring)
Stlth    +++.......             (no ring)
HPRegen  0.12/turn              (no ring)
MPRegen  0.11/turn              (no ring)
                                (no ring)
                                (no ring)

@: no status effects
A: almost no armour, stealthy swim, amphibious, 8 rings, constrict 8, camouflage
1, gelatinous body 1
a: Evoke Flight


You were on level 4 of the Dungeon.
You were not hungry.

You visited 1 branch of the dungeon, and saw 4 of its levels.

You collected 190 gold pieces.

Inventory:

Jewellery
 c - an uncursed amulet of faith
 l - a ring of flight (left tentacle)
 m - a +3 ring of strength (right tentacle)
 r - an uncursed ring of flight
Wands
 p - a wand of digging (22)
Scrolls
 e - 2 scrolls of fear {unknown}
 f - 3 scrolls of magic mapping
 g - 4 scrolls of remove curse
 j - 2 scrolls of teleportation {unknown}
 o - 2 scrolls of immolation {unknown}
 q - 3 scrolls of enchant armour {unknown}
 u - a scroll of identify
Potions
 h - 3 potions of curing
 i - 3 potions of heal wounds
 k - a potion of invisibility {unknown}
 n - a potion of might
 s - 2 potions of haste
 t - a potion of mutation
Books
 a - a book of Frost

   Spells                             Type                      Level
   a - Freeze                         Ice                          1
   b - Throw Frost                    Conjuration/Ice              2
   c - Ozocubu's Armour               Charms/Ice                   3
   d - Throw Icicle                   Conjuration/Ice              4
   e - Summon Ice Beast               Ice/Summoning                4
Comestibles
 b - 7 rations
 d - 2 chunks of flesh


   Skills:
 - Level 2.1 Dodging
 - Level 2.8 Stealth
 + Level 6.5 Unarmed Combat
 - Level 2.2 Spellcasting
   Level 1.0 Conjurations
 - Level 3.1 Ice Magic


You had 8 spell levels left.
You knew the following spells:

 Your Spells              Type           Power        Failure   Level  Hunger
a - Freeze                Ice            ##..         4%          1    #......


Dungeon Overview and Level Annotations

Branches:
Dungeon (4/15)
 Temple: D:4-7

Altars:
Fedhas
Gozag
Kikubaaqudgha
Makhleb
Ru
Trog
Vehumet

Annotations:
D:4 Sigmund


Innate Abilities, Weirdness & Mutations

You cannot wear most types of armour.
You are very stealthy in the water. (Stealth+)
You are amphibious.
You can wear up to eight rings at the same time.
You can use your tentacles to constrict eight enemies at once.
Your skin changes colour to match your surroundings (Stealth+).
Your rubbery body absorbs attacks. (AC +1, EV +1)


Message History

Found a runed hand axe.
Found a radiant altar of Vehumet.
You barely miss the adder. You grab the adder.
You constrict the adder, but do no damage.
The adder closely misses you.
You tentacle-slap the adder but do no damage.
You squeeze the adder.
The adder is heavily wounded.
You constrict the adder. The adder bites you.
You tentacle-slap the adder but do no damage.
You squeeze the adder.
The adder is severely wounded.
You constrict the adder.
You kill the adder!
You bludgeon the ogre!
The ogre is moderately wounded.
The ogre hits you with a giant spiked club!
You tentacle-slap the ogre. You squeeze the ogre.
The ogre is heavily wounded.
The ogre hits you with a giant spiked club!
You die...

*,,....###* *****,,.......##
,,,,,,,...._...#
*****,,.@......#########** ,*
*,,..8...............# ,*
*,,)....O.##.#######.#
,*****,_.....#*#.# #.# ,,,*
*,......* #O# #.#
,*,****...$#**##@## #.#
,*,,,,,..##* ##...## #.#
,****,,.,,*
##.....#####.#######* **
*,,,*,**#...................,
*,,,,............###.######**
*,,**.###.......###..#
*****,,,,,.........## #.##
,,,,,,****#####...## #.#
*****,* ##.######.#######**


You could see an ogre.

Vanquished Creatures
  A scorpion (D:4)
  2 orc priests (D:3)
  Natasha (thrice) (D:2)
  Terence (D:3)
  A hound skeleton (D:4)
  3 gnolls (D:2)
  6 adders
  An ooze (D:1)
  A worm (D:3)
  3 dart slugs
  5 leopard geckos
  10 orcs
  A ball python (D:2)
  5 bats
  4 giant cockroaches
  5 goblins
  7 hobgoblins
  10 jackals
  3 quokkas
  7 frilled lizards
  7 kobolds
  5 rats
91 creatures vanquished.

Notes
Turn   | Place    | Note
-------+----------+-------------------------------------------
     0 | D:1      | inc the Octopode Ice Elementalist began the quest for the Orb.
     0 | D:1      | Reached XP level 1. HP: 11/11 MP: 3/3
   451 | D:1      | Reached XP level 2. HP: 14/17 MP: 5/5
   685 | D:1      | Reached skill level 1 in Unarmed Combat
   926 | D:1      | Reached XP level 3. HP: 20/21 MP: 6/6
   944 | D:1      | Reached skill level 2 in Unarmed Combat
  1702 | D:2      | Reached skill level 3 in Unarmed Combat
  1702 | D:2      | Reached XP level 4. HP: 16/27 MP: 7/7
  1990 | D:2      | Found a bloodstained altar of Trog.
  2022 | D:2      | Found a sacrificial altar of Ru.
  2388 | D:2      | Reached skill level 4 in Unarmed Combat
  2388 | D:2      | Reached XP level 5. HP: 23/31 MP: 8/8
  2739 | D:2      | Noticed Natasha
  2747 | D:2      | Killed Natasha
  2806 | D:2      | Noticed Natasha
  2813 | D:2      | Killed Natasha
  2871 | D:2      | Noticed Natasha
  2881 | D:2      | Killed Natasha
  3098 | D:3      | Noticed Terence
  3105 | D:3      | Killed Terence
  3105 | D:3      | Reached skill level 5 in Unarmed Combat
  3236 | D:3      | Reached XP level 6. HP: 25/36 MP: 9/9
  4101 | D:3      | Found an ancient bone altar of Kikubaaqudgha.
  4101 | D:3      | Found a blossoming altar of Fedhas.
  4457 | D:4      | Found a burning altar of Makhleb.
  4468 | D:4      | Reached skill level 6 in Unarmed Combat
  4774 | D:4      | Found an opulent altar of Gozag.
  4776 | D:4      | Found a radiant altar of Vehumet.
  4776 | D:4      | Noticed Sigmund
  4786 | D:4      | Slain by an ogre

Skill      XL: |  1  2  3  4  5  6 |
---------------+-------------------+-----
Unarmed Combat | 1 3 4 5 6 |  6.5
Dodging        | |  2.1
Stealth        | |  2.8
Spellcasting   | |  2.2
Conjurations   | |  1.0
Ice Magic      | |  3.1

Action                   |  1- 3 |  4- 6 || total
-------------------------+-------+-------++-------
Melee: Unarmed           |    87 |   173 ||   260
       Constrict         |    22 |    44 ||    66
       Tentacles         |    12 |    34 ||    46
       Punch             |     1 |     6 ||     7
  Use: Scroll            |       |     5 ||     5
 Stab: Sleeping          |    11 |     9 ||    20
       Distracted        |     1 |       ||     1
  Eat: Chunk             |     2 |    10 ||    12
Armor: Skin              |     9 |     5 ||    14
Dodge: Dodged            |    49 |    82 ||   131
